 Dungeon Crawl Stone Soup version 0.25-a0-577-ga4619f4 (webtiles) character file.

Game seed: 8986344216617257823, levelgen mode: deterministic

25 Faels the Skirmisher (level 2, 24/24 HPs)
             Began as a Demonspawn Fighter on Mar 2, 2020.
             Quit the game on level 1 of the Dungeon.
             The game lasted 00:02:05 (1144 turns).

Faels the Skirmisher (Demonspawn Fighter)           Turns: 1144, Time: 00:02:06

Health: 24/24      AC:  6    Str: 16    XL:     2   Next: 86%
Magic:  11/11      EV:  7    Int:  9    God:
Gold:   50         SH:  8    Dex: 12    Spells: 1/1 levels left

rFire    . . .     SeeInvis .   j - +1 whip (venom)
rCold    . . .     Gourm    .   c - +0 kite shield
rNeg     . . .     Faith    .   b - +0 scale mail
rPois    .         Spirit   .   (no helmet)
rElec    .         Reflect  .   (no cloak)
rCorr    .         Harm     .   (no gloves)
MR       .....                  (no boots)
Stlth    ..........             (no amulet)
HPRegen  0.08/turn              m - ring of magical power
MPRegen  0.12/turn              (no ring)

@: no status effects
A: powered by pain 1
a: no special abilities


You were on level 1 of the Dungeon.
You were not hungry.

You visited 1 branch of the dungeon, and saw 2 of its levels.

You collected 50 gold pieces.

Inventory:

Hand Weapons
 a - a +0 long sword
 j - a +1 whip of venom (weapon)
Armour
 b - a +0 scale mail (worn)
 c - a +0 kite shield (worn)
Jewellery
 m - a ring of magical power (left hand)
Scrolls
 e - a scroll of enchant weapon {unknown}
 g - a scroll of blinking {unknown}
 i - a scroll of remove curse {unknown}
 k - a scroll of identify {unknown}
Potions
 d - a potion of might
 h - a potion of degeneration {unknown}
 l - a potion of stabbing {unknown}
 n - a potion of heal wounds {unknown}
 o - 2 potions of mutation {unknown}
Comestibles
 f - 3 rations
 p - a chunk of flesh


   Skills:
 + Level 3.3 Fighting
 - Level 2.5 Long Blades
 * Level 0.1 Maces & Flails
 - Level 2.6 Armour
 + Level 0.9 Dodging
 - Level 2.6 Shields


You had one spell level left.
You didn't know any spells.
Your spell library was empty.

Dungeon Overview and Level Annotations

Branches:
Dungeon (2/15)

Altars:

Annotations:
D:2 2 transporters


Innate Abilities, Weirdness & Mutations

You sometimes gain a little power by taking damage.


Message History

The goblin hits you but does no damage.
You are feeling hungry.
You closely miss the goblin. The goblin barely misses you.
You closely miss the goblin. The goblin hits you but does no damage.
The goblin barely misses you.
You hit the goblin.
You kill the goblin!
Things that are here:
a +0 club; a goblin corpse
Things that are here:
a +0 club; a goblin corpse You butcher the goblin corpse.
p - 2 chunks of flesh
Things that are here:
a +0 club; a goblin skeleton You see here a +0 club.
You start waiting.
Eating one of 2 chunks of flesh.
You eat one of the 2 chunks of flesh.
This raw flesh tastes terrible.
Done waiting.
Are you sure you want to abandon this character and quit the game? (Confirm with "yes".)

#.#..#......
#)...#.#..## #..##.#..#
#>.##...###
##........>.
###......#####
##########......#.####
#.....).......#.#.....#
#.###.@...#.##..#.###..
#.#####.##.รท#.#####
...# #.##.......##
##### ###.##.#.###..#
#...##.#.####..
#.###..#.....>.
###.###.#..####..
###..........###...
#......#####.##..#.


There were no monsters in sight!

Vanquished Creatures
  An ooze (D:1)
  3 bats (D:1)
  A bat zombie (D:1)
  A giant cockroach (D:2)
  4 goblins (D:1)
  A hobgoblin (D:1)
  2 jackals (D:1)
  3 kobolds (D:1)
  A quokka zombie (D:1)
  3 rats (D:1)
20 creatures vanquished.

Notes
Turn   | Place    | Note
-------+----------+-------------------------------------------
     0 | D:1      | Faels the Demonspawn Fighter began the quest for the Orb.
     0 | D:1      | Reached XP level 1. HP: 18/18 MP: 1/1
   124 | D:1      | You fall into a shaft and drop 1 floor!
   129 | D:2      | Found a transporter.
   129 | D:2      | Found a transporter.
   195 | D:2      | Gained mutation: You sometimes gain a little power by
                  | taking damage. [demonic ancestry]
   195 | D:2      | Reached XP level 2. HP: 24/24 MP: 2/2
  1144 | D:1      | Quit the game

Levels and vault maps discovered:
D:1:      saegor_arrival_fortress, layout_rooms, minmay_misc_feat_diagonals
D:2:      cheibrodos_old_hovel, layout_basic, gammafunk_temple_overflow_arena,
          old_standard_altar, first_ration, nemelex_dance_club_becter

Skill      XL: |  1 |
---------------+----+-----
Long Blades    | 2 |  2.5
Fighting       | |  3.3
Maces & Flails | |  0.1
Armour         | |  2.6
Dodging        | |  0.9
Shields        | |  2.6

Action                   || total
-------------------------++-------
Melee: Long sword        ||    66
       Whip              ||     8
  Use: Potion            ||     1
  Eat: Chunk             ||     1
Armor: Scale mail        ||    30
Dodge: Dodged            ||    15
Block: Kite shield       ||    35
       Rpst.: Long sword ||     3

Table legend:
 A = Non-vault XP
 B = Vault XP
 C = Vault XP percentage of total XP
 D = Non-vault monster count
 E = Vault monster count
 F = Vault count percentage of total count
                 A         B        C        D         E       F
            +---------+---------+-------+---------+---------+-------
      Total |      32 |       5 |  13.5 |      17 |       3 |  15.0
            +---------+---------+-------+---------+---------+-------
        D:1 |      32 |       3 |   8.6 |      17 |       2 |  10.5
        D:2 |       0 |       2 | 100.0 |       0 |       1 | 100.0
            +---------+---------+-------+---------+---------+-------
